 Dungeon Crawl Stone Soup version 0.31-a0-355-g57cb03d3e8 (webtiles) character file.

Game seed: 12453173157296949289

259 ragingrage the Slasher (level 5, -2/38 HPs)
             Began as a Mummy Gladiator on July 24, 2023.
             Killed from afar by an orc wizard (7 damage)
             ... with a magic dart
             ... on level 4 of the Dungeon.
             The game lasted 00:02:24 (3320 turns).

ragingrage the Slasher (Mummy Gladiator)            Turns: 3320, Time: 00:02:24

Health: -2/38      AC:  5    Str: 18    XL:     5   Next: 94%
Magic:  5/5        EV: 17    Int:  7    God:
Gold:   171        SH:  0    Dex: 17    Spells: 4/4 levels left

rFire   x . .        f - +3 great sword "Qoaqim Fueda" {drain, rElec Dex+2}
rCold   + . .        (shield currently unavailable)
rNeg    + + +        b - +0 leather armour
rPois   ∞            c - +0 helmet
rElec   +            (no cloak)
rCorr   .            p - +0 pair of gloves
SInv    .            (no boots)
Will    .....        (no amulet)
Stlth   +            n - +5 ring of evasion
HPRegen 0.26/turn    (no ring)
MPRegen 0.09/turn

%: faith
@: confused
A: cold resistance 1, negative energy resistance 3, torment resistance 2, heat
vulnerability 1, in touch with death 1, no potions, faith
a: no special abilities


You were on level 4 of the Dungeon.
You visited 1 branch of the dungeon, and saw 4 of its levels.

You collected 171 gold pieces.

Inventory:

Hand Weapons
 a - a +0 long sword
 f - the +3 great sword "Qoaqim Fueda" (weapon) {drain, rElec Dex+2}
   (You acquired it on level 2 of the Dungeon)

   Dex:       It affects your dexterity (+2).
   rElec:     It insulates you from electricity.
Missiles
 d - 3 throwing nets (quivered)
 e - 4 javelins
 g - 7 poisoned darts
Armour
 b - a +0 leather armour (worn)
 c - a +0 helmet (worn)
 p - a +0 pair of gloves (worn)
Jewellery
 n - a +5 ring of evasion (left hand)
Wands
 q - a wand of roots (1)
Scrolls
 i - a scroll of blinking {unknown}
 j - a scroll of fog {unknown}
 k - 2 scrolls of noise
 m - a scroll of vulnerability {unknown}
 o - a scroll of immolation {unknown}


   Skills:
 - Level 2.0 Fighting
 + Level 5.6 Long Blades
 - Level 1.5 Throwing
 - Level 2.4 Dodging


You had 4 spell levels left.
You didn't know any spells.
Your spell library contained the following spells:

 Spells                   Type           Power      Damage    Failure   Level
 Shock                    Conj/Air       0%         1d3       50%         1
 Cigotuvi's Dreadful Rot  Necr/Pois/Air  0%         N/A       63%         2
 Ignite Poison            Fire/Tmut/Pois 0%         N/A       86%         3
 Swiftness                Air            0%         N/A       86%         3
 Airstrike                Air            0%         2d(0-16)  99%         4
 Freezing Cloud           Conj/Ice/Air   0%         6-21      100%        5


Dungeon Overview and Level Annotations

Branches:
Dungeon (4/15)
 Temple: D:4-7

Altars:
Ru
Sif Muna

Shops:
D:1 *


Innate Abilities, Weirdness & Mutations

You are immune to poison.
Your flesh is cold resistant. (rC+)
You are immune to negative energy. (rN+++)
You are immune to unholy pain and torment.
You are vulnerable to heat. (rF-)
You are in touch with the powers of death.
You do not drink.
You have a special connection with the divine. (Faith)


Message History

The orc wizard casts a spell.
The orc wizard flickers and vanishes!
The orc hits you from afar with a +0 trident!
The orc wizard attacks as you move away!
The orc wizard hits you with a +0 dagger.
You closely miss the orc wizard. The orc barely misses you.
You swing at nothing.
The orc barely misses you. The orc wizard barely misses you.
The orc hits you from afar with a +0 trident.
The orc wizard completely misses you. The orc hits you with a +0 hand axe.
You closely miss the orc wizard. You hit the orc wizard.
You drain the orc wizard.
The orc wizard hits you with a +0 dagger.
The orc closely misses you.
The orc throws a stone.
The stone misses you.
You barely miss something.
The orc throws a stone.
The stone hits you but does no damage.
The orc hits you from afar with a +0 trident!
The orc hits you with a +0 hand axe.
* * * LOW HITPOINT WARNING * * *
You slice the orc!!
You kill the orc!
The orc misses you. The orc barely misses you. The orc completely misses you.
You hear some strange, mumbled words.
You are confused.
You are too confused!
You barely miss something. The orc wizard completely misses you.
Something hits you.
* * * LOW HITPOINT WARNING * * *
The orc barely misses you. The orc hits you but does no damage.
The orc wizard barely misses you. The orc closely misses you.
Something hits you but does no damage. The orc hits you with a +0 morningstar.
* * * LOW HITPOINT WARNING * * *
You miss the orc wizard. The orc wizard casts a spell at you.
You easily resist.
You hear some strange, mumbled words.
A magic dart appears from out of thin air!
The magic dart hits you!
You die...

....#### #..# ##.. .o..#### #.##
##... ...##### ##.# *....
....######## #..# *#...
.##..##....##### #..# #### #...
####...........# ##.####..####...
#####..........###...............
*#...........o#.....##..####...
*#............o@..#####...# ##..
*#.............o#{..# #.### #..
#...[...........#...# ### #..
................##.!# #..
................##..#* ##.
.................#...* #.
.................##..# ##
,,,,,............#*..#* #
,,,,,...........##*,,,*


You could see an orc wizard (very drained) and 2 orcs.

Vanquished Creatures
  A phantom (D:4)
  Natasha (twice) (D:2)
  5 adders
  2 worms (D:2)
  A dart slug (D:1)
  2 orcs
  3 ball pythons (D:3)
  7 endoplasms
  4 giant cockroaches
  5 goblins
  9 hobgoblins
  4 jackals (D:1)
  8 quokkas
  5 bats
  5 frilled lizards
  4 kobolds
  2 rats
69 creatures vanquished.

Notes
Turn   | Place    | Note
-------+----------+-------------------------------------------
     0 | D:1      | ragingrage the Mummy Gladiator began the quest for the Orb.
     0 | D:1      | Reached XP level 1. HP: 16/16 MP: 1/1
   193 | D:1      | Reached XP level 2. HP: 22/22 MP: 2/2
   213 | D:1      | Found Nussop's General Store.
   223 | D:1      | Reached skill level 3 in Long Blades
   610 | D:1      | Gained mutation: You are in touch with the powers of death.
                  | [Mummy growth]
   610 | D:1      | Reached XP level 3. HP: 27/27 MP: 3/3
   775 | D:2      | Found a sacrificial altar of Ru.
   791 | D:2      | Noticed Natasha
   802 | D:2      | Identified a scroll of acquirement
   802 | D:2      | Acquired the +3 great sword "Qoaqim Fueda" {drain, rElec
                  | Dex+2}
   805 | D:2      | Killed Natasha
   907 | D:2      | Reached skill level 4 in Long Blades
  1135 | D:2      | Reached XP level 4. HP: 22/33 MP: 4/4
  1340 | D:2      | Noticed Natasha
  1351 | D:2      | Killed Natasha
  1710 | D:2      | Found a faded altar of an unknown god.
  1921 | D:2      | Reached XP level 5. HP: 37/38 MP: 5/5
  2277 | D:3      | Found a shimmering blue altar of Sif Muna.
  2925 | D:4      | Noticed a phantom
  2932 | D:4      | Killed a phantom
  2933 | D:4      | Reached skill level 5 in Long Blades
  3320 | D:4      | Killed from afar by an orc wizard

Illustrated notes

Levels and vault maps discovered:
D:1:      dpeg_arrival_rhombus, layout_loops_ring, serial_shops,
          nicolae_shop_getting_attention, kennysheep_small_spiral
D:2:      layout_basic, basic_altar, chequers_ecumenical_altar_twisty,
          uniq_natasha
D:3:      layout_basic, lemuel_blue_sif_altar, dreamdust_princess_bridge
D:4:      layout_cave_pods

Skill      XL: |  1  2  3  4  5 |
---------------+----------------+-----
Long Blades    | 3 4 5 |  5.6
Fighting       | |  2.0
Throwing       | |  1.5
Dodging        | |  2.4

Action                     |  1- 3 |  4- 6 || total
---------------------------+-------+-------++-------
  Melee: Long sword        |    92 |       ||    92
         Punch             |     1 |       ||     1
         Great sword       |    10 |    69 ||    79
    Use: Scroll            |     1 |     3 ||     4
   Stab: Sleeping          |       |     4 ||     4
 Armour: Leather armour    |    27 |    18 ||    45
  Dodge: Dodged            |    69 |    68 ||   137

Table legend: (Time is in decaauts)
 A = Elapsed time spent in this place.
 B = Non-inter-level travel time spent in this place.
 C = Inter-level travel time spent in this place.
 D = Time resting spent in this place.
 E = Time spent auto-exploring this place.
 F = Levels seen in this place.
 G = Mean time per level.
                   A        B        C        D        E       F      G
               +--------+--------+--------+--------+--------+-----+--------+
         Total |   3395 |   3299 |     96 |    228 |   2474 |   4 |  848.8 |
       Dungeon |   3395 |   3299 |     96 |    228 |   2474 |   4 |  848.8 |
               +--------+--------+--------+--------+--------+-----+--------+

Top non-repeatable levels by time:
     D:2: 1147 daAuts
     D:1: 855 daAuts
     D:3: 852 daAuts
     D:4: 539 daAuts
